 Dungeon Crawl Stone Soup version 0.24-a0-520-g8fd06ad0bc (webtiles) character file.

Game seed: 107235141714880931

548 Froggeryz the Cleaver (level 7, -7/88 HPs)
             Began as a Minotaur Berserker on July 26, 2019.
             Was a Believer of Trog.
             Mangled by Duvessa
             ... wielding a +0 short sword of protection
              (20 damage)
             ... on level 4 of the Dungeon.
             The game lasted 00:04:14 (2705 turns).

Froggeryz the Cleaver (Minotaur Berserker)          Turns: 2705, Time: 00:04:15

Health: -7/88      AC:  2    Str: 27    XL:     7   Next: 7%
Magic:  6/6        EV: 12    Int:  4    God:    Trog [**....]
Gold:   186        SH:  0    Dex: 11    Spells: 6/6 levels left

rFire    . . .     SeeInvis .   a - +0 hand axe
rCold    . . .     Gourm    .   (no shield)
rNeg     . . .     Faith    .   b - +0 animal skin
rPois    .         Spirit   .   (helmet restricted)
rElec    .         Reflect  .   (no cloak)
rCorr    .         Harm     .   (no gloves)
MR       .....                  (no boots)
Stlth    ..........             (no amulet)
HPRegen  0.24/turn              (no ring)
MPRegen  0.10/turn              (no ring)

@: berserking (expiring), very quick
A: retaliatory headbutt, horns 2
a: Berserk, Trog's Hand, Renounce Religion


You were on level 4 of the Dungeon.
You worshipped Trog.
Trog was pleased with you.
You were very hungry.

You visited 1 branch of the dungeon, and saw 4 of its levels.

You collected 186 gold pieces.

Inventory:

Hand Weapons
 a - a +0 hand axe (weapon)
 r - a +1 dagger of venom
Missiles
 g - 4 boomerangs of dispersal (quivered)
Armour
 b - a +0 animal skin (worn)
Scrolls
 d - 2 scrolls of teleportation {unknown}
 f - 4 scrolls of identify {unknown}
 h - 3 scrolls of enchant weapon {unknown}
 n - a scroll of amnesia {unknown}
Potions
 e - 2 potions of might
 i - 2 potions of ambrosia
 m - a potion of curing {unknown}
 o - a potion of resistance {unknown}
 p - a potion of agility {unknown}
Comestibles
 c - 10 rations


   Skills:
 - Level 4.0 Fighting
 * Level 9.6 Axes
 - Level 2.4 Armour
 - Level 2.1 Dodging


You had 6 spell levels left.
You didn't know any spells.
Your spell library was empty.

Dungeon Overview and Level Annotations

Branches:
Dungeon (4/15)
 Temple: D:4-7

Altars:

Annotations:
D:4 Duvessa


Innate Abilities, Weirdness & Mutations

You reflexively headbutt those who attack you in melee.
You have a pair of horns on your head.


Message History

Duvessa hits you with a +0 short sword of protection!
You closely miss Duvessa. You headbutt Duvessa, but do no damage.
Duvessa is severely wounded.
You slash the hound!
You kill the hound!
Trog accepts your kill.
You slash Duvessa!
Duvessa is severely wounded.
Duvessa closely misses you.
You barely miss Duvessa. You headbutt Duvessa!
Duvessa is almost dead.
Duvessa hits you with a +0 short sword of protection.
You barely miss Duvessa.
Duvessa is almost dead.
Duvessa hits you with a +0 short sword of protection!
* * * LOW HITPOINT WARNING * * *
You hit Duvessa but do no damage. Your headbutt misses Duvessa.
Duvessa is almost dead.
Duvessa hits you with a +0 short sword of protection!!
You die...

### #.. #.# .# #.# ...
###.######..
#..###..†#.......
#.#.....@.# ..
#...#..)e.#..#.
###.............
#####.$.........####
.###.........)....##
..............#####
............#.#####
............#.....##
..###.......##.....###


You could see Duvessa (berserk).

Vanquished Creatures
  An ogre (D:4)
  Dowan (D:4)
  A howler monkey (D:4)
  2 orc priests (D:3)
  A hound (D:4)
  Jessica (D:3)
  5 orc wizards
  A worker ant (D:4)
  An adder (D:2)
  An ooze (D:2)
  An adder zombie (D:2)
  4 leopard geckos
  23 orcs
  2 giant cockroaches
  4 goblins
  7 hobgoblins
  2 kobolds
  A quokka (D:3)
  4 bats
  5 frilled lizards
  12 rats
80 creatures vanquished.

Notes
Turn   | Place    | Note
-------+----------+-------------------------------------------
     0 | D:1      | Froggeryz the Minotaur Berserker began the quest for the
                  | Orb.
     0 | D:1      | Reached XP level 1. HP: 19/19 MP: 0/0
   121 | D:1      | Reached skill level 4 in Axes
   242 | D:1      | Reached XP level 2. HP: 25/27 MP: 1/1
   668 | D:2      | Reached XP level 3. HP: 33/33 MP: 2/2
   852 | D:2      | Reached skill level 5 in Axes
  1053 | D:3      | Reached ** piety under Trog
  1063 | D:3      | Reached skill level 6 in Axes
  1063 | D:3      | Reached XP level 4. HP: 36/40 MP: 3/3
  1116 | D:3      | Reached XP level 5. HP: 30/46 MP: 4/4
  1473 | D:3      | Reached skill level 7 in Axes
  1934 | D:3      | Noticed Jessica
  1936 | D:3      | Killed Jessica
  2168 | D:4      | Reached skill level 8 in Axes
  2168 | D:4      | Reached XP level 6. HP: 40/52 MP: 5/5
  2387 | D:4      | Reached *** piety under Trog
  2387 | D:4      | Reached skill level 9 in Axes
  2674 | D:4      | Noticed Duvessa
  2674 | D:4      | Noticed Dowan
  2698 | D:4      | Killed Dowan
  2699 | D:4      | Reached XP level 7. HP: 56/59 MP: 6/6
  2705 | D:4      | Mangled by Duvessa

Levels and vault maps discovered:
D:1:      dpeg_arrival_houses_and_road, layout_basic
D:2:      layout_loops_ring, moated_statue
D:3:      layout_basic, first_ration, uniq_jessica
D:4:      layout_rooms, kennysheep_windowed_goal, uniq_duvessa

Skill      XL: |  1  2  3  4  5  6 |
---------------+-------------------+-----
Axes           | 4 6 8 9 |  9.6
Fighting       | 4 |  4.0
Armour         | |  2.4
Dodging        | |  2.1

Action                   |  1- 3 |  4- 6 |  7- 9 || total
-------------------------+-------+-------+-------++-------
Melee: Hand axe          |    69 |    90 |     6 ||   165
       Headbutt          |     7 |    16 |     2 ||    25
Invok: Berserk           |     1 |     3 |       ||     4
       Trog's Hand       |       |     1 |       ||     1
  Use: Potion            |     3 |     3 |       ||     6
 Stab: Sleeping          |     2 |       |       ||     2
       Distracted        |     1 |       |       ||     1
  Eat: Chunk             |       |     8 |       ||     8
Armor: Animal skin       |    14 |     6 |       ||    20
Dodge: Dodged            |    66 |    50 |     2 ||   118

Table legend:
 A = Non-vault XP
 B = Vault XP
 C = Vault XP percentage of total XP
 D = Non-vault monster count
 E = Vault monster count
 F = Vault count percentage of total count
                 A         B        C        D         E       F
            +---------+---------+-------+---------+---------+-------
      Total |     678 |     106 |  13.5 |      78 |       2 |   2.5
            +---------+---------+-------+---------+---------+-------
        D:1 |      23 |       0 |   0.0 |      13 |       0 |   0.0
        D:2 |      38 |       0 |   0.0 |      13 |       0 |   0.0
        D:3 |     264 |      37 |  12.3 |      36 |       1 |   2.7
        D:4 |     353 |      69 |  16.4 |      16 |       1 |   5.9
            +---------+---------+-------+---------+---------+-------
